Map: King's Cove LE

Players

Marinelord - Winner!

  • Race: Terran Terran
  • Spawn Location: 11:00

HellraiseR

  • Race: Protoss Protoss
  • Spawn Location: 5:00

Event: 2019 WCS Spring

VOD

Have the link to the VOD?

Description

Time

  • Played on: May 17, 2019, 10:10 a.m.
  • Length: 10:38

All games in this series

Show
View Real Time Build Order
Export as new Build Order

Marinelord Terran - Winner!

Build Orders: Gas First Reaper Expand 

Get SALT Encoding   

  12  0:00  SCV  
  13  0:12  SCV  
  14  0:18  Supply Depot  
  14  0:24  SCV  
  15  0:30  Refinery  
  15  0:39  SCV  
  16  0:45  Barracks  
  16  0:51  SCV  
  17  1:03  SCV  
  18  1:15  SCV  
  19  1:33  Reaper, Orbital Command  
  20  1:47  Command Center  
  20  2:01  Factory  
  20  2:03  SCV  
  21  2:09  Barracks Reactor  
  21  2:15  SCV  
  22  2:16  Supply Depot  
  22  2:27  SCV  
  23  2:33  Refinery  
  23  2:39  SCV  
  24  2:51  SCV  
  24  2:55  Hellion x2  
  24  2:57  Starport  
  29  3:01  Orbital Command  
  29  3:03  SCV  
  30  3:08  Marine  
  31  3:15  SCV  
  31  3:16  Widow Mine  
  31  3:17  Widow Mine  
  36  3:26  Marine  
  37  3:27  SCV x2  
  37  3:32  Supply Depot  
  39  3:35  Medivac  
  39  3:38  Widow Mine  
  39  3:39  Widow Mine  
  45  3:42  SCV  
  46  3:54  SCV x2  
  44  3:59  Supply Depot  
  43  4:06  SCV x2  
  43  4:09  Marine x2, Factory Tech Lab  
  46  4:10  Viking  
  49  4:17  Supply Depot  
  49  4:18  SCV x2  
  51  4:27  Cyclone, Mag-Field Accelerator, Marine x2  
  51  4:30  SCV x2  
  58  4:32  Supply Depot  
  58  4:42  SCV x2  
  56  4:53  Marine  
  56  4:54  SCV  
  56  4:58  SCV  
  56  4:59  Cyclone  
  60  5:03  Refinery  
  60  5:04  Command Center, Refinery  
  60  5:06  SCV, Marine  
  60  5:08  Viking  
  60  5:11  Marine  
  60  5:13  SCV  
  62  5:23  SCV, Marine  
  62  5:27  SCV  
  65  5:28  Marine  
  65  5:31  Cyclone  
  69  5:36  SCV  
  69  5:37  Supply Depot x2  
  69  5:38  Viking  
  69  5:39  SCV  
  71  5:48  Marine x2  
  73  5:53  Factory x2  
  73  5:55  SCV x2  
  75  6:06  Cyclone  
  75  6:07  SCV, Marine  
  75  6:08  Marine  
  75  6:09  SCV  
  82  6:13  Viking  
  84  6:18  Orbital Command  
  84  6:19  SCV  
  84  6:20  Supply Depot  
  84  6:22  SCV  
  86  6:33  SCV  
  86  6:38  Cyclone  
  88  6:51  SCV  
  88  6:52  Orbital Command, Factory Tech Lab  
  88  6:53  Hellion x2  
  92  6:58  Factory x2  
  92  7:00  SCV  
  93  7:03  SCV, Starport Reactor  
  92  7:12  SCV, Cyclone x2  
  92  7:13  Refinery  
  92  7:14  Refinery  
  99  7:17  Supply Depot  
  99  7:18  Supply Depot  
  99  7:22  SCV x2  
  101  7:23  Barracks Tech Lab  
  101  7:24  SCV  
  102  7:34  SCV x2  
  102  7:35  Engineering Bay  
  104  7:37  SCV, Supply Depot  
  104  7:38  Supply Depot  
  105  7:44  Cyclone x2  
  105  7:46  SCV  
  105  7:51  Hellion x2  
  115  7:59  SCV x2  
  115  8:01  SCV  
  115  8:03  Command Center  
  118  8:11  SCV x2  
  116  8:13  SCV  
  116  8:14  Cyclone  
  116  8:16  Cyclone  
  118  8:23  SCV x2  
  118  8:25  SCV  
  115  8:27  Liberator  
  115  8:29  Cyclone  
  115  8:30  Hellion  
  120  8:35  Armory x2, SCV x2  
  120  8:37  SCV  
  123  8:46  Cyclone  
  123  8:47  SCV x2  
  131  8:48  Cyclone  
  131  8:49  SCV  
  131  8:50  Hellion  
  137  8:59  SCV x2  
  137  9:01  SCV, Cyclone  
  143  9:04  Supply Depot  
  143  9:05  Supply Depot x2  
  143  9:11  SCV x2  
  143  9:12  Liberator  
  143  9:14  SCV  
  136  9:18  Cyclone  
  136  9:22  Planetary Fortress  
  136  9:23  SCV  
  136  9:24  Factory, Refinery  
  136  9:25  Factory  
  136  9:26  Factory, Refinery  
  139  9:34  Command Center  
  130  9:39  Siege Tank x2  
  130  9:41  Widow Mine x2  
  130  9:42  Widow Mine x2  
  143  9:52  Missile Turret  
  143  10:02  Cyclone  
  143  10:03  Hellion x2  
  146  10:17  Factory Tech Lab x3  
  146  10:20  SCV x2  
  142  10:21  SCV  
Show
View Real Time Build Order
Export as new Build Order

HellraiseR Protoss 

Build Orders: 1 Gate Expand, Phoenix Opening, Colossus Rush 

Get SALT Encoding   

  12  0:00  Probe  
  13  0:13  Probe  
  14  0:18  Pylon  
  14  0:22  Probe  
  15  0:32  Probe  
  15  0:37  Gateway  
  15  0:42  Probe  
  16  0:46  Assimilator  
  17  0:54  Probe  
  18  1:06  Probe  
  19  1:18  Probe  
  21  1:35  Nexus  
  21  1:38  Cybernetics Core  
  20  1:40  Probe  
  21  1:47  Assimilator  
  21  1:52  Probe  
  22  1:58  Pylon  
  22  2:05  Probe  
  22  2:06  Assimilator  
  22  2:07  Adept  
  24  2:22  Stargate  
  24  2:23  Probe  
  25  2:31  Probe  
  26  2:37  Adept  
  26  2:40  Probe  
  26  2:43  Warp Gate  
  29  2:50  Pylon  
  29  2:52  Probe  
  29  2:53  Probe  
  31  3:02  Phoenix  
  31  3:04  Probe  
  32  3:05  Probe  
  35  3:16  Probe  
  35  3:17  Probe  
  37  3:20  Phoenix  
  37  3:28  Probe  
  37  3:29  Probe  
  41  3:38  Robotics Facility  
  41  3:40  Probe  
  42  3:42  Probe  
  41  3:52  Phoenix, Probe  
  41  3:54  Probe  
  39  4:04  Probe  
  39  4:06  Probe  
  41  4:12  Probe  
  41  4:13  Assimilator  
  42  4:18  Probe  
  42  4:20  Probe  
  45  4:28  Pylon  
  45  4:30  Probe  
  45  4:31  Probe  
  45  4:33  Robotics Bay  
  45  4:37  Assimilator  
  46  4:43  Phoenix  
  46  4:45  Probe x2  
  46  4:57  Probe x2  
  48  5:01  Phoenix  
  48  5:06  Pylon  
  48  5:09  Probe x2  
  48  5:11  Observer  
  52  5:18  Pylon  
  52  5:19  Colossus  
  53  5:21  Probe  
  53  5:24  Probe  
  55  5:33  Probe  
  62  5:36  Probe  
  63  5:45  Phoenix, Probe  
  63  5:48  Probe  
  63  5:49  Shield Battery  
  67  5:58  Shield Battery  
  67  5:59  Shield Battery  
  67  6:02  Gateway  
  67  6:03  Pylon, Gateway  
  67  6:10  Phoenix  
  67  6:11  Colossus, Pylon  
  69  6:23  Stalker  
  77  6:28  Probe  
  77  6:32  Extended Thermal Lance  
  78  6:35  Probe  
  79  6:40  Probe  
  79  6:45  Phoenix  
  80  6:47  Probe  
  80  6:51  Stalker  
  80  6:52  Probe  
  82  6:59  Probe  
  82  7:01  Nexus  
  83  7:05  Pylon  
  83  7:06  Observer  
  83  7:07  Probe  
  84  7:15  Phoenix  
  84  7:17  Colossus  
  86  7:26  Probe x2  
  94  7:35  Twilight Council  
  94  7:36  Observer  
  94  7:40  Pylon  
  94  7:47  Forge  
  94  7:58  Probe x2  
  94  8:00  Blink  
  94  8:02  Stalker x3  
  94  8:04  Pylon  
  103  8:12  Probe  
  103  8:13  Probe  
  102  8:20  Protoss Ground Weapons Level 1  
  102  8:26  Colossus, Probe  
  101  8:29  Stalker x3  
  101  8:30  Probe  
  101  8:32  Probe  
  107  8:38  Probe  
  114  8:43  Photon Cannon  
  114  8:44  Probe  
  114  8:45  Probe  
  116  8:52  Gateway  
  116  8:57  Sentry x2  
  116  8:58  Stalker  
  116  8:59  Assimilator  
  122  9:03  Assimilator  
  122  9:05  Pylon  
  122  9:07  Gateway  
  114  9:17  Probe  
  114  9:19  Probe  
  114  9:21  Warp Prism  
  118  9:24  Stalker x3  
  119  9:47  Stalker x2  
  119  9:48  Stalker x2  
  119  9:52  Nexus  
  127  9:54  Oracle, Pylon  
  120  10:04  Stalker  
  115  10:10  Zealot  
  115  10:11  Zealot, Stalker  
  115  10:12  Stalker  
  120  10:15  Probe  
  110  10:28  Stalker  
  110  10:31  Stalker  
Tags
 
Add a new tag
Caveats
  • Supply blocks, unpowered buildings, or Contaminate may cause inaccurate times.
  • Supply counts are checked every 10 seconds.